 Dungeon Crawl Stone Soup version 0.31.0-32-g396128a36d (webtiles) character file.

Game seed: 16179892382620688944

3559 Alphaeus the Grappler (level 9, -2/88 HPs)
             Began as a Troll Shapeshifter on Mar 18, 2024.
             Was a Believer of Qazlal.
             Slain by Grum
             ... wielding a -1 spear
              (14 damage)
             ... on level 8 of the Dungeon.
             The game lasted 00:08:43 (6061 turns).

Alphaeus the Grappler (Troll Shapeshifter)          Turns: 6061, Time: 00:08:43

Health: -2/88      AC:  8    Str: 26    XL:     9   Next: 83%
Magic:  8/8        EV:  9    Int:  8    God:    Qazlal [**....]
Gold:   327        SH:  7    Dex:  9    Spells: 8/8 levels left

rFire   . .          .
                       - Unarmed
rCold   . . .        (no shield)
rNeg    . . .        a - +0 animal skin
rPois   +            (helmet currently unavailable)
rElec   .            (cloak currently unavailable)
rCorr   .            (gloves unavailable)
SInv    .            (boots unavailable)
Will    .....        h - amulet of reflection
Stlth   +            t - ring of poison resistance
HPRegen 1.14/turn    D - +4 ring of protection
MPRegen 0.11/turn

%: reflection
@: beast-form, slowed, very slow
A: beast (slay +4), large, unfitting armour, claws 3, regeneration 1, shaggy fur
1, tough skin 1
a: Begin Untransformation, Renounce Religion, Upheaval


You were on level 8 of the Dungeon.
You worshipped Qazlal.
Qazlal was pleased with you.
You were a hulking beast.
You visited 2 branches of the dungeon, and saw 9 of its levels.
You also visited: Sewer.

You collected 387 gold pieces.
You spent 60 gold pieces at shops.

Inventory:

Armour
 a - a +0 animal skin (worn)
Jewellery
 h - an amulet of reflection (around neck)
 t - a ring of poison resistance (left claw)
 D - a +4 ring of protection (right claw)
Talismans
 c - a beast talisman
 d - a flux talisman
 z - a maw talisman
Wands
 F - a wand of roots (25)
Scrolls
 e - 2 scrolls of enchant armour {unknown}
 f - 3 scrolls of fog
 i - 3 scrolls of teleportation {unknown}
 n - a scroll of fear {unknown}
 q - 3 scrolls of immolation {unknown}
 s - 8 scrolls of identify {unknown}
 y - a scroll of silence {unknown}
 B - 2 scrolls of blinking {unknown}
 C - a scroll of amnesia {unknown}
 E - a scroll of vulnerability {unknown}
 I - a scroll of revelation {unknown}
 J - a scroll of poison {unknown}
Potions
 b - 4 potions of lignification
 g - 2 potions of curing {unknown}
 j - a potion of cancellation {unknown}
 k - a potion of ambrosia {unknown}
 l - 2 potions of mutation {unknown}
 m - 3 potions of magic
 o - a potion of experience {unknown}
 p - a potion of might {unknown}
 r - 2 potions of enlightenment {unknown}
 u - 2 potions of haste {unknown}
 v - 3 potions of resistance {unknown}
 w - 4 potions of brilliance {unknown}
 x - 2 potions of heal wounds
 A - a potion of degeneration {unknown}
 G - 2 potions of berserk rage {unknown}
 H - a potion of attraction {unknown}


   Skills:
 + Level 5.2 Fighting
 - Level 1.5 Dodging
 * Level 9.5 Unarmed Combat
 * Level 8.8 Shapeshifting


You had 8 spell levels left.
You didn't know any spells.
Your spell library contained the following spells:

 Spells                   Type           Power      Damage    Failure   Level
 Magic Dart               Conj           0%         1d3       41%         1
 Cigotuvi's Dreadful Rot  Necr/Alch/Air  0%         N/A       54%         2
 Searing Ray              Conj           0%         2d4       54%         2
 Dazzling Flash           Conj/Hex       0%         N/A       78%         3
 Mephitic Cloud           Conj/Alch/Air  0%         N/A       78%         3
 Fulminant Prism          Conj/Alch      0%         3d5       99%         4
 Ignite Poison            Fire/Alch      0%         N/A       99%         4
 Curse of Agony           Necr           0%         N/A       100%        5
 Freezing Cloud           Conj/Ice/Air   0%         6-21      100%        5
 Silence                  Hex/Air        0%         N/A       100%        5


Dungeon Overview and Level Annotations

Branches:
Dungeon (8/15)             Temple (1/1) D:6           Sewer (visited)
   Lair: D:8-11

Altars:
Ashenzari
Cheibriados
Dithmenos
Elyvilon
Fedhas
Hepliaklqana
Kikubaaqudgha
Makhleb
Nemelex Xobeh
Okawaru
Qazlal
Ru
Sif Muna
Trog
Uskayaw
Vehumet
Wu Jian
Xom
Yredelemnul
Zin
The Shining One

Shops:
D:3 !*(   D:6 [   D:7 :*

Annotations:
D:4 2 runed translucent doors, ShadeLightTheory's ghost, amateur MiFi
D:8 Grum


Innate Abilities, Weirdness & Mutations

You are a hulking beast.
Your limbs bulge with bestial killing power. (Slay +4)
You are too large for most types of armour.
You have claws for hands.
Your natural rate of healing is unusually fast.
You are covered in fur. (AC +1)
You have tough skin. (AC +1)


Message History

You feel sick. You block the kobold's attack.
The kobold brigand hits you with a +0 short sword.
Grum closely misses you.
You claw the kobold brigand!
You kill the kobold brigand!
Qazlal accepts your kill.
You feel sick. The kobold hits you but does no damage. Grum closely misses you.
The kobold hits you with a +0 short sword.
* * * LOW HITPOINT WARNING * * *
You closely miss the kobold.
You feel sick. The kobold hits you with a +0 dagger.
* * * LOW HITPOINT WARNING * * *
You block Grum's attack. The kobold closely misses you.
The kobold hits you with a +0 dagger.
* * * LOW HITPOINT WARNING * * *
You mangle the kobold!!
You kill the kobold!
Qazlal accepts your kill.
You feel sick.
Grum hits you from afar with a -1 spear.
* * * LOW HITPOINT WARNING * * *
The kobold hits you but does no damage. Grum closely misses you.
You claw the kobold!
You kill the kobold!
Qazlal accepts your kill.
You feel sick.
Grum hits you from afar with a -1 spear.
* * * LOW HITPOINT WARNING * * *
You feel sick.
You are no longer poisoned.
Grum hits you with a -1 spear.
* * * LOW HITPOINT WARNING * * *
You see here a +0 short sword.
You claw Grum!
Grum is lightly wounded.
You block Grum's attack.
You claw Grum!
Grum is heavily wounded.
You block Grum's attack. Grum hits you with a -1 spear!
You die...

#<.......
#........
#........
#........
#........
##........
#....#####
#....# #h)..#
..#####g§†.#
...........####
##.............
#.............
#..............
+..............
#.....####.....
....... ....


You could see Grum.

Vanquished Creatures
  Grinder (D:3)
  A yak (D:7)
  Eustachio (D:5)
  A steam dragon (D:7)
  Edmund (D:4)
  3 black bears
  2 ogres
  An orc warrior (D:6)
  2 ice beasts (D:7)
  2 wolves (D:8)
  2 centaurs
  A phantom (D:5)
  4 kobold brigands
  2 brain worms (Sewer)
  A bullfrog (D:7)
  A scorpion (D:6)
  3 howler monkeys (D:7)
  A bombardier beetle (D:4)
  A jelly (D:5)
  A sleepcap (D:4)
  4 orc priests
  2 hounds
  A gnoll bouda (D:5)
  3 iguanas
  Jessica (D:2)
  6 orc wizards
  Natasha (thrice) (D:2)
  14 adders
  9 gnolls (D:5)
  2 river rats
  A shadow imp (D:7)
  4 white imps
  A ribbon worm (D:3)
  7 dart slugs
  36 orcs
  12 ball pythons
  5 endoplasms
  8 giant cockroaches
  8 goblins
  9 hobgoblins
  4 jackals (D:3)
  15 kobolds
  2 quokkas
  8 bats (D:1)
  10 frilled lizards
  13 rats
220 creatures vanquished.

Notes
Turn   | Place    | Note
-------+----------+-------------------------------------------
     0 | D:1      | Alphaeus the Troll Shapeshifter began the quest for the
                  | Orb.
     0 | D:1      | Reached XP level 1. HP: 18/18 MP: 0/0
   108 | D:1      | Reached skill level 1 in Fighting
   109 | D:1      | Reached XP level 2. HP: 25/27 MP: 1/1
   557 | D:1      | Reached XP level 3. HP: 33/33 MP: 2/2
   714 | D:2      | Noticed Natasha
   726 | D:2      | Killed Natasha
   727 | D:2      | Reached XP level 4. HP: 41/41 MP: 3/3
   752 | D:2      | Reached skill level 4 in Unarmed Combat
   819 | D:2      | Noticed Natasha
   829 | D:2      | Killed Natasha
   898 | D:2      | Found a radiant altar of Vehumet.
   911 | D:2      | Noticed Natasha
   918 | D:2      | Killed Natasha
   919 | D:2      | Reached XP level 5. HP: 49/49 MP: 4/4
  1054 | D:2      | Noticed Jessica
  1059 | D:2      | Killed Jessica
  1235 | D:2      | Found a faded altar of an unknown god.
  1338 | D:3      | HP: 1/49 [orc/+2 falchion of holy wrath (6)]
  1437 | D:3      | Reached XP level 6. HP: 43/57 MP: 5/5
  1443 | D:3      | Reached skill level 5 in Unarmed Combat
  1622 | D:3      | Found a glowing drain.
  1635 | Sewer    | Entered a sewer
  1875 | Sewer    | Reached skill level 5 in Shapeshifting
  2123 | D:3      | Found Jaxkumat's Distillery.
  2127 | D:3      | Bought a potion of heal wounds for 60 gold pieces
  2214 | D:3      | Found Cohoq's Assorted Antiques.
  2218 | D:3      | Noticed Grinder
  2230 | D:3      | Killed Grinder
  2231 | D:3      | Reached skill level 6 in Unarmed Combat
  2231 | D:3      | Reached XP level 7. HP: 37/67 MP: 6/6
  2351 | D:3      | Found Kawif's Antique Weapon Shoppe.
  2645 | D:4      | Found a burning altar of Makhleb.
  3082 | D:4      | Noticed Edmund
  3092 | D:4      | Killed Edmund
  3140 | D:4      | Found a large runed translucent door.
  3140 | D:4      | Found a large runed translucent door.
  3141 | D:4      | Noticed ShadeLightTheory's ghost (amateur MiFi)
  3395 | D:5      | Entered Level 5 of the Dungeon
  3447 | D:5      | Reached XP level 8. HP: 35/75 MP: 7/7
  3938 | D:5      | Reached skill level 7 in Unarmed Combat
  4035 | D:5      | Noticed Eustachio
  4053 | D:5      | Killed Eustachio
  4193 | D:6      | Found a staircase to the Ecumenical Temple.
  4212 | Temple   | Entered the Ecumenical Temple
  4281 | Temple   | Became a worshipper of Qazlal Stormbringer
  4375 | D:6      | Found a bloodstained altar of Trog.
  4566 | D:6      | Found an ornate altar of the Wu Jian Council.
  4569 | D:6      | Found a hazy altar of Hepliaklqana.
  4720 | D:6      | Reached skill level 8 in Unarmed Combat
  5145 | D:6      | Reached XP level 9. HP: 84/84 MP: 8/8
  5232 | D:6      | Found Ituoshri's Armour Emporium.
  5395 | D:7      | Reached * piety under Qazlal
  5635 | D:7      | Found Huruyfumn's Overcharged Wands.
  5789 | D:7      | Reached skill level 9 in Unarmed Combat
  5831 | D:7      | Reached skill level 5 in Fighting
  5836 | D:7      | Reached ** piety under Qazlal
  5857 | D:7      | Found Qontih's Book Boutique.
  6044 | D:8      | Noticed Grum
  6061 | D:8      | Slain by Grum

Illustrated notes

Levels and vault maps discovered:
D:1:      ncdulo_smallfort, layout_loops_ring, minmay_pentomino_u2
D:2:      layout_rooms, basic_altar,
          dreamdust_ecumenical_altar_hidden_monk_grotto,
          chequers_serial_rivers_room_b, st_stairs_8, serial_bayou_pond_b,
          minmay_misc_feat_tiny, minmay_tiny_reverse_x, uniq_jessica,
          uniq_natasha
D:3:      layout_basic, gup_sewer_entry_bubbles, serial_shops, shop, shop, shop,
          uniq_grinder
D:4:      layout_basic, general_overflow_altar, ebering_ghost_disaster_area,
          uniq_edmund
D:5:      layout_basic, uniq_eustachio
D:6:      layout_layer_cave, nicolae_overflow_squiral,
          trog_three_pillars_becter, minmay_temple_entry_statues_pillars,
          serial_shops, shop
D:7:      hangedman_cross_stitches, layout_rooms, serial_shops,
          nicolae_shop_statue_plus, nicolae_shop_overcharged_wands
D:8:      layout_gridville, uniq_grum
Temple:   minmay_temple_bridge_d

Skill      XL: |  1  2  3  4  5  6  7  8  9 |
---------------+----------------------------+-----
Fighting       | 1 2 3 4 5 |  5.2
Unarmed Combat | 4 6 8 9 |  9.5
Shapeshifting  | 4 5 6 7 8 |  8.8
Dodging        | |  1.5

Action                     |  1- 3 |  4- 6 |  7- 9 || total
---------------------------+-------+-------+-------++-------
  Melee: Unarmed           |    64 |   194 |   314 ||   572
         Punch             |       |     3 |    11 ||    14
    Use: Scroll            |       |     1 |       ||     1
         Potion            |       |       |     5 ||     5
 Armour: Animal skin       |    34 |   115 |   249 ||   398
  Dodge: Dodged            |    27 |    72 |   118 ||   217
  Block: Other             |       |     7 |    68 ||    75
         Reflection        |       |       |     2 ||     2
